[Event "Titled Tuesday Blitz February 21 Early 2023"]
[White "Alhadad, Mahmoud"]
[Black "Heinemann, Josefine"]
[WhiteFideId "11501863"]
[BlackFideId "12900460"]
[WhiteElo "1840"]
[BlackElo "2289"]
[Result "0-1"]
[Round "07"]
[TimeControl "180+2"]
[Date "2023.02.21"]
[WhiteClock "0:00:14"]
[BlackClock "0:00:38"]

1. e4 e5 2. d4 exd4 3. Bc4 Nf6 4. Nf3 Nc6 5. O-O Nxe4 6. Nc3 dxc3 7. Bxf7+ Kxf7 8. Qd5+ Kf6 9. Qxe4 h6 10. Re1 d5 11. Qd3 Bd6 12. Nh4 Ne5 13. Rxe5 Bxe5 14. Qg6+ Ke7 15. Bf4 Bxf4 16. Re1+ Kf8 17. Qf5+ Bxf5 0-1


[Site "https://www.chess.com"]

[Event "Titled Tuesday Blitz February 21 Early 2023"]
[White "Gatterer, Florian"]
[Black "Dong, Khanh Linh"]
[WhiteFideId "811688"]
[BlackFideId "12403040"]
[WhiteElo "2170"]
[BlackElo "1900"]
[Result "1-0"]
[Round "07"]
[TimeControl "180+2"]
[Date "2023.02.21"]
[WhiteClock "0:00:32"]
[BlackClock "0:00:05"]

1. b3 c5 2. Bb2 b6 3. Nf3 Bb7 4. g3 d5 5. Bg2 Nd7 6. O-O Ngf6 7. e3 g6 8. d4 Bg7 9. dxc5 bxc5 10. Nbd2 O-O 11. c4 e6 12. Re1 Rc8 13. Qc1 Qa5 14. Bc3 Qb6 15. Qb2 Rfd8 16. Ne5 Nxe5 17. Bxe5 d4 18. Bxb7 Qxb7 19. exd4 cxd4 20. Bxd4 Rxd4 21. Qxd4 Ne8 22. Qe4 Qxe4 23. Nxe4 Bxa1 24. Rxa1 f5 25. Ng5 e5 26. Rd1 h6 27. Nf3 e4 28. Ne5 Kg7 29. Rd7+ Kf6 30. f4 Rc7 31. Rxc7 Nxc7 32. Kf2 g5 33. Ke3 Na6 34. Nc6 gxf4+ 35. gxf4 h5 36. h4 Ke6 37. Nxa7 Nb4 38. Nb5 Nxa2 39. Nd4+ Kf6 40. Nc6 Nc3 41. b4 Nd1+ 42. Kd2 Nb2 43. Kc3 e3 44. Nd4 Na4+ 45. Kb3 Nb6 46. b5 Kf7 47. Kb4 Kf6 48. Kc5 Na4+ 49. Kd6 Nc3 50. b6 Ne4+ 51. Kc7 Nc5 52. Kc6 Ne6 53. Ne2 Nd8+ 54. Kd7 Nb7 55. Kc7 Nc5 56. b7 Ke6 57. b8=Q Na6+ 58. Kb7 Nxb8 59. Kxb8 Kd6 60. Kc8 Kc5 61. Kd7 Kxc4 62. Ke6 Kd3 63. Ng3 e2 64. Nxe2 Kxe2 65. Kxf5 Kf3 66. Kg5 Kg3 67. f5 1-0


[Site "https://www.chess.com"]

[Event "Titled Tuesday Blitz February 21 Early 2023"]
[White "Kornyukov, Alexey"]
[Black "QuiesPrecatio"]
[WhiteFideId "4150457"]
[WhiteElo "2452"]
[BlackElo "2417"]
[Result "0-1"]
[Round "07"]
[TimeControl "180+2"]
[Date "2023.02.21"]
[WhiteClock "0:01:55"]
[BlackClock "0:01:57"]

1. e4 c6 2. Nf3 d5 3. Nc3 dxe4 4. Nxe4 Nf6 5. Nxf6+ exf6 6. Bc4 Bd6 7. O-O O-O 8. d3 Nd7 9. Be3 Ne5 10. Nxe5 fxe5 11. d4 Qe7 12. dxe5 Qxe5 13. g3 Bh3 14. Re1 Bc5 15. Bf4 Qf6 16. Be5 Qxf2+ 0-1


[Site "https://www.chess.com"]

[Event "Titled Tuesday Blitz February 21 Early 2023"]
[White "Meera, Sai"]
[Black "Valle Maytin, Luis Enrique"]
[WhiteFideId "5004357"]
[BlackFideId "3503666"]
[WhiteElo "2064"]
[BlackElo "2241"]
[Result "0-1"]
[Round "07"]
[TimeControl "180+2"]
[Date "2023.02.21"]
[WhiteClock "0:00:05"]
[BlackClock "0:00:14"]

1. e4 c6 2. d4 d5 3. e5 c5 4. Nf3 Bg4 5. dxc5 e6 6. Be3 a6 7. c3 Bxf3 8. Qxf3 Nd7 9. Bd4 Bxc5 10. Be2 Ne7 11. Bxc5 Nxc5 12. O-O Ng6 13. Qe3 Nd7 14. f4 Qb6 15. Qxb6 Nxb6 16. Nd2 Ne7 17. Nb3 Nf5 18. Kf2 h5 19. g3 O-O-O 20. Bd3 Ne7 21. Nd4 g6 22. Ke3 Kc7 23. a4 Nc4+ 24. Bxc4 dxc4 25. Ke4 Rd5 26. Rad1 Rhd8 27. Rd2 Kb6 28. Rfd1 Kc5 29. Nf3 Rxd2 30. Rxd2 Rd5 31. Rd4 Nf5 32. Rd2 b5 33. Nd4 Nxd4 34. cxd4+ Kb4 35. axb5 axb5 36. h3 Kb3 37. g4 hxg4 38. hxg4 b4 39. f5 c3 40. bxc3 bxc3 41. Rh2 c2 42. Rh3+ Kb2 43. Rh2 gxf5+ 44. gxf5 Kb1 45. fxe6 fxe6 46. Rh6 c1=Q 47. Rxe6 Qc4 48. Rb6+ Kc2 49. Kf5 Qxd4 50. Re6 Qf2+ 51. Ke4 Rd4# 0-1


[Site "https://www.chess.com"]

[Event "Titled Tuesday Blitz February 21 Early 2023"]
[White "Bas Mas, Jose Joaquin"]
[Black "Gardezi, Arsal"]
[WhiteFideId "22219064"]
[BlackFideId "30949521"]
[WhiteElo "2197"]
[BlackElo "2093"]
[Result "1-0"]
[Round "07"]
[TimeControl "180+2"]
[Date "2023.02.21"]
[WhiteClock "0:00:30"]
[BlackClock "0:00:29"]

1. e4 e5 2. Bc4 Nf6 3. d3 Nc6 4. Nc3 Bc5 5. f4 d6 6. Nf3 Bg4 7. h3 Bxf3 8. Qxf3 Nd4 9. Qg3 Qe7 10. fxe5 dxe5 11. Kd1 O-O-O 12. Rf1 b5 13. Nxb5 Nxe4 14. Qg4+ f5 15. Rxf5 Qd7 16. Qxe4 Qxf5 17. Qxf5+ Nxf5 18. Be6+ Kb8 19. Bxf5 Rhf8 20. Be4 Rf1+ 21. Kd2 Rdf8 22. a3 R8f2+ 23. Kc3 a6 24. b4 Bb6 25. Bb2 Rxa1 26. Bxa1 axb5 27. Kb3 Bd4 28. Bxd4 exd4 29. a4 bxa4+ 30. Kxa4 Rxc2 31. Kb5 h5 32. Ka5 h4 33. Kb5 g5 34. Ka5 Re2 35. Ka4 Ka7 36. Kb3 Kb6 37. Kc4 Rb2 38. Bd5 c6 39. Be4 Kc7 40. Bf3 Kd6 41. Be4 Ke5 42. Bxc6 Rc2+ 43. Kb5 Kf4 44. Be4 Ke3 45. Ka6 Rc7 46. b5 Re7 47. b6 Re6 48. Ka7 Rxe4 49. dxe4 d3 50. b7 d2 51. b8=Q d1=Q 52. Qb6+ Kxe4 53. Qe6+ Kf4 54. Qf6+ Ke4 55. Qxg5 Qd4+ 56. Kb7 Kd3 57. Kc6 Qe4+ 58. Qd5+ Qxd5+ 59. Kxd5 Ke3 60. Ke5 Kf2 61. Kf4 Kxg2 62. Kg4 Kf2 63. Kxh4 Kf3 64. Kg5 Ke4 65. h4 Ke5 66. Kg6 Ke6 67. h5 Ke7 68. Kg7 1-0


[Site "https://www.chess.com"]

[Event "Titled Tuesday Blitz February 21 Early 2023"]
[White "Sreyas Payyappat"]
[Black "Ardila, Oscar Humberto"]
[WhiteFideId "46674969"]
[BlackFideId "4404742"]
[WhiteElo "2076"]
[BlackElo "1982"]
[Result "1-0"]
[Round "07"]
[TimeControl "180+2"]
[Date "2023.02.21"]
[WhiteClock "0:00:05"]
[BlackClock "0:00:01"]

1. e4 e5 2. Nf3 Nf6 3. Nxe5 d6 4. Nf3 Nxe4 5. Nc3 Nxc3 6. dxc3 Be7 7. Bd3 O-O 8. O-O Nd7 9. Be3 Ne5 10. Nxe5 dxe5 11. Qh5 f5 12. Bc4+ Kh8 13. Bf7 f4 14. Rad1 Bd6 15. Bg6 h6 16. Bc5 Qf6 17. Bxd6 cxd6 18. Rd3 b6 19. Rfd1 Rd8 20. Be4 Rb8 21. Qf3 Ba6 22. R3d2 Bc4 23. b3 Bg8 24. c4 g5 25. Rd3 b5 26. c5 dxc5 27. Rxd8 Rxd8 28. Rxd8 Qxd8 29. h4 Kg7 30. hxg5 hxg5 31. Bd3 Qd4 32. Qb7+ Kf6 33. Qxb5 e4 34. Qc6+ Be6 35. Qxe4 Qa1+ 36. Kh2 Qc3 37. g3 fxg3+ 38. Kxg3 g4 39. Qf4+ Ke7 40. Qe3 a5 41. Bc4 Qf6 42. Bxe6 Kd6 43. Bxg4 Kc6 44. Qf4 Qe7 45. Bf3+ Kb5 46. Qe4 1-0


[Site "https://www.chess.com"]

[Event "Titled Tuesday Blitz February 21 Early 2023"]
[White "Kiselev, Pavel"]
[Black "Fernandez Garcia, Gumersindo"]
[WhiteFideId "4191102"]
[BlackFideId "24516740"]
[WhiteElo "2245"]
[BlackElo "2160"]
[Result "0-1"]
[Round "07"]
[TimeControl "180+2"]
[Date "2023.02.21"]
[WhiteClock "0:00:10"]
[BlackClock "0:01:05"]

1. Nf3 Nf6 2. d4 d5 3. c4 c6 4. Nc3 dxc4 5. e4 b5 6. a3 Bg4 7. Be2 e6 8. Bg5 Be7 9. O-O O-O 10. h3 Bxf3 11. Bxf3 Nbd7 12. e5 Nd5 13. Bxe7 Qxe7 14. Ne4 a5 15. Nd6 N7b6 16. Be4 Nc8 17. Nxc8 Rfxc8 18. f4 c5 19. f5 cxd4 20. Qxd4 Qc5 21. Qxc5 Rxc5 22. fxe6 fxe6 23. Rad1 Ra7 24. Rf3 b4 25. axb4 axb4 26. Rc1 Rac7 27. Rcf1 g6 28. Rf8+ Kg7 29. Re8 c3 30. bxc3 Nxc3 31. Bd3 Rxe5 32. Rff8 Rb7 33. Rg8+ Kh6 34. g4 Kg5 35. Rb8 Rxb8 36. Rxb8 Kh4 37. Bf1 Re4 38. Bg2 Rd4 39. Kf2 e5 40. Rb7 h5 41. gxh5 gxh5 42. Rb6 Rd2+ 43. Kf3 e4+ 44. Kf4 Rxg2 45. Rxb4 Kxh3 46. Rb3 Rg3 47. Rb2 h4 48. Rf2 e3 49. Rf1 e2 50. Rh1+ Kg2 51. Re1 Kf2 52. Rc1 e1=Q 0-1


[Site "https://www.chess.com"]

[Event "Titled Tuesday Blitz February 21 Early 2023"]
[White "Thiel, Thomas"]
[Black "Kielinkei"]
[WhiteFideId "4615964"]
[WhiteElo "2234"]
[BlackElo "2378"]
[Result "1-0"]
[Round "07"]
[TimeControl "180+2"]
[Date "2023.02.21"]
[WhiteClock "0:00:54"]
[BlackClock "0:00:03"]

1. e4 c5 2. Nc3 e6 3. Nge2 d5 4. exd5 exd5 5. d4 Nc6 6. Be3 c4 7. g3 Nf6 8. Bg2 Bb4 9. O-O O-O 10. Bg5 Ne7 11. Bxf6 gxf6 12. Nf4 Bxc3 13. bxc3 Qd6 14. Qh5 f5 15. Qg5+ Kh8 16. Rfe1 Ng6 17. Nxd5 Bd7 18. Qf6+ Qxf6 19. Nxf6 Bc6 20. d5 Bb5 21. d6 Rad8 22. Rad1 Kg7 23. Nh5+ Kh6 24. Nf4 Nxf4 25. gxf4 Rd7 26. Rd5 Bc6 27. Rxf5 Bxg2 28. Kxg2 Rxd6 29. Rg5 f6 30. Rg4 Rd2 31. Re3 Kh5 32. Reg3 Re8 33. Kh3 1-0


[Site "https://www.chess.com"]

[Event "Titled Tuesday Blitz February 21 Early 2023"]
[White "Iljin, Timofey"]
[Black "Schut, Han"]
[WhiteFideId "14110180"]
[BlackFideId "1005561"]
[WhiteElo "2329"]
[BlackElo "2101"]
[Result "1-0"]
[Round "07"]
[TimeControl "180+2"]
[Date "2023.02.21"]
[WhiteClock "0:00:04"]
[BlackClock "0:00:21"]

1. e4 c5 2. c3 g6 3. d4 cxd4 4. cxd4 d5 5. exd5 Nf6 6. Nf3 Nxd5 7. Nc3 Bg7 8. Bc4 Nb6 9. Bb3 O-O 10. O-O Bg4 11. Be3 Nc6 12. h3 Bxf3 13. Qxf3 Nxd4 14. Bxd4 Qxd4 15. Qxb7 e6 16. Rad1 Qf4 17. Rd3 Rfb8 18. Qe7 Re8 19. Qb7 Reb8 20. Qe7 Re8 21. Qc5 Rac8 22. Qe3 Qxe3 23. Rxe3 Bxc3 24. bxc3 Rc7 25. Rd3 Rec8 26. Rc1 Nc4 27. Rd4 Kg7 28. Kf1 Kf6 29. Ke2 Ke5 30. f4+ Kf6 31. g4 Nb6 32. c4 Rd7 33. Ke3 Rxd4 34. Kxd4 Rd8+ 35. Kc5 Rc8+ 36. Kb5 Rb8 37. c5 Nd5+ 38. Ka6 Nxf4 39. Kxa7 Rc8 40. Kb7 Re8 41. c6 Nd3 42. Rc3 1-0


[Site "https://www.chess.com"]

[Event "Titled Tuesday Blitz February 21 Early 2023"]
[White "Carrasco Miranda, Andres"]
[Black "Decoster, Frederic"]
[WhiteFideId "3405990"]
[BlackFideId "204269"]
[WhiteElo "2240"]
[BlackElo "2301"]
[Result "1-0"]
[Round "07"]
[TimeControl "180+2"]
[Date "2023.02.21"]
[WhiteClock "0:02:05"]
[BlackClock "0:00:45"]

1. d4 Nf6 2. c4 g6 3. g3 Bg7 4. Bg2 O-O 5. Nc3 d6 6. Nf3 a6 7. O-O Nc6 8. Bf4 Bd7 9. Rc1 Nh5 10. Be3 e5 11. dxe5 dxe5 12. Qd2 Be6 13. b3 Nd4 14. Rfd1 c5 15. Bh6 Bg4 16. Bxg7 Kxg7 17. Nxe5 Be6 18. e3 Nf5 19. Qxd8 Raxd8 20. g4 1-0


[Site "https://www.chess.com"]

[Event "Titled Tuesday Blitz February 21 Early 2023"]
[White "Szyszylo, Rafal"]
[Black "Quirke, Jeffrey"]
[WhiteFideId "1109626"]
[BlackFideId "2013029"]
[WhiteElo "2091"]
[BlackElo "2007"]
[Result "1-0"]
[Round "07"]
[TimeControl "180+2"]
[Date "2023.02.21"]
[WhiteClock "0:00:09"]
[BlackClock "0:00:01"]

1. e4 g6 2. d4 Bg7 3. Nc3 d5 4. exd5 Nf6 5. Bb5+ Nbd7 6. Nf3 O-O 7. O-O Nb6 8. Re1 a6 9. Be2 Bf5 10. Bf4 Nbxd5 11. Nxd5 Nxd5 12. Be5 Bxe5 13. Nxe5 Nf4 14. Bc4 Be6 15. Bxe6 Nxe6 16. d5 Ng7 17. c4 Qd6 18. Qb3 a5 19. Re2 b6 20. Rae1 h5 21. Qb5 Nf5 22. Re4 a4 23. Qc6 a3 24. b3 Ra5 25. h3 h4 26. Qxd6 exd6 27. Nc6 Raa8 28. Ne7+ Nxe7 29. Rxe7 Rac8 30. f4 Kg7 31. Kf2 Kf6 32. Kf3 Rfd8 33. Kg4 Rh8 34. Rd7 Rhd8 35. Rxd8 Rxd8 36. Kxh4 Rh8+ 37. Kg4 Rc8 38. Kf3 Rh8 39. Kg4 1-0


[Site "https://www.chess.com"]

[Event "Titled Tuesday Blitz February 21 Early 2023"]
[White "Rose, Felix"]
[Black "Avazkhonov, Alikhon"]
[WhiteFideId "5105722"]
[BlackFideId "14208504"]
[WhiteElo "2091"]
[BlackElo "1538"]
[Result "0-1"]
[Round "07"]
[TimeControl "180+2"]
[Date "2023.02.21"]
[WhiteClock "0:02:38"]
[BlackClock "0:02:54"]

1. e4 c5 2. Nf3 d6 3. d4 cxd4 4. Nxd4 Nf6 5. Nc3 a6 6. f3 e5 7. Nb3 Be6 8. Be3 h5 9. Nd5 Bxd5 10. exd5 Nbd7 11. Be2 Rc8 12. O-O Nb6 13. Na5 Nbxd5 14. Bf2 Qxa5 0-1


[Site "https://www.chess.com"]

[Event "Titled Tuesday Blitz February 21 Early 2023"]
[White "lisjakzlatko1"]
[Black "Begunov, Konstantin"]
[BlackFideId "4118510"]
[WhiteElo "2162"]
[BlackElo "2325"]
[Result "0-1"]
[Round "07"]
[TimeControl "180+2"]
[Date "2023.02.21"]
[WhiteClock "0:00:01"]
[BlackClock "0:00:08"]

1. e4 c5 2. b4 cxb4 3. Bb2 d5 4. exd5 Qxd5 5. d4 Bf5 6. c4 bxc3 7. Nxc3 Qa5 8. Nf3 e6 9. Bb5+ Nc6 10. O-O Bb4 11. Qb3 Ne7 12. d5 exd5 13. Nxd5 O-O 14. Bxc6 Nxc6 15. a3 Be6 16. Rad1 Bc5 17. Ng5 Bxd5 18. Rxd5 Qb6 19. Qc3 f6 20. Qh3 fxg5 21. Qe6+ Kh8 22. Bxg7+ Kxg7 23. Rxg5+ Kh8 24. h4 Bxf2+ 0-1


[Site "https://www.chess.com"]

[Event "Titled Tuesday Blitz February 21 Early 2023"]
[White "Kiseljova, Marya"]
[Black "Torres Boch, Jose Francisco"]
[WhiteFideId "4155009"]
[BlackFideId "2278383"]
[WhiteElo "2031"]
[BlackElo "2180"]
[Result "1/2-1/2"]
[Round "07"]
[TimeControl "180+2"]
[Date "2023.02.21"]
[WhiteClock "0:00:09"]
[BlackClock "0:00:29"]

1. d4 Nf6 2. c4 e6 3. Nf3 b6 4. Bf4 Bb7 5. a3 c5 6. e3 cxd4 7. exd4 d5 8. Nc3 Bd6 9. Bxd6 Qxd6 10. Be2 O-O 11. O-O dxc4 12. Bxc4 Nc6 13. d5 Na5 14. Ba2 Nxd5 15. Nxd5 Bxd5 16. Bxd5 Qxd5 17. Qxd5 exd5 18. Rfd1 Rfd8 19. b4 Nc4 20. Nd4 Rac8 21. Kf1 g6 22. a4 Kg7 23. a5 bxa5 24. bxa5 a6 25. Rab1 Rc5 26. Rb7 Kf6 27. Ra7 Rxa5 28. Nc6 Rd6 29. Nxa5 Nxa5 30. Ra1 Nc4 31. R1xa6 d4 32. Rxd6+ Nxd6 33. Ra6 Ke5 34. Ke2 h5 35. Kd3 Nf5 36. Ra5+ Kf4 37. Ra7 h4 38. Rxf7 h3 39. g3+ Kf3 40. Rh7 Kg2 41. g4 Nd6 42. Kxd4 Kxh2 43. f4 Kg3 44. Ke5 Nc4+ 45. Kd4 Nd2 46. f5 Nf3+ 47. Ke3 gxf5 48. gxf5 Nh4 49. f6 h2 50. Rg7+ Kh3 51. f7 h1=Q 52. f8=Q Qc1+ 53. Kd3 Qd1+ 54. Ke4 Qe2+ 55. Kd5 Qd3+ 56. Ke6 Qa6+ 57. Kf7 Qc4+ 58. Ke7 Qc7+ 59. Ke8 Qc8+ 60. Kf7 Qc4+ 61. Ke7 Qc7+ 62. Ke8 Qc8+ 63. Ke7 Qc7+ 1/2-1/2


[Site "https://www.chess.com"]

[Event "Titled Tuesday Blitz February 21 Early 2023"]
[White "kiwibobo"]
[Black "Shubin, Daniel"]
[BlackFideId "30936470"]
[WhiteElo "2140"]
[BlackElo "2231"]
[Result "1-0"]
[Round "07"]
[TimeControl "180+2"]
[Date "2023.02.21"]
[WhiteClock "0:01:08"]
[BlackClock "0:00:02"]

1. e4 e6 2. d4 d5 3. Nd2 Be7 4. Ngf3 Nf6 5. e5 Nfd7 6. c3 c5 7. Bd3 Nc6 8. O-O Qb6 9. Re1 cxd4 10. cxd4 Nxd4 11. Nxd4 Qxd4 12. Nf3 Qb6 13. Be3 Bc5 14. Qe2 Bxe3 15. Qxe3 Qxe3 16. Rxe3 Nc5 17. Rc1 Nxd3 18. Rxd3 Bd7 19. Rc7 Rc8 20. Rxc8+ Bxc8 21. Nd4 Ke7 22. Nb5 a6 23. Nd6 Bd7 24. Nxb7 Rb8 25. Rb3 f6 26. f4 fxe5 27. fxe5 Bb5 28. Nd6 Rf8 29. Nxb5 axb5 30. Rxb5 Rf5 31. Rb7+ Kf8 32. a4 Rxe5 33. a5 Re1+ 34. Kf2 Ra1 35. b4 d4 36. Ra7 Ra2+ 37. Ke1 Rb2 38. a6 Ra2 39. b5 e5 40. b6 Ra1+ 41. Kd2 Ra2+ 42. Kc1 d3 43. b7 Ra1+ 44. Kd2 Rd1+ 1-0


[Site "https://www.chess.com"]

[Event "Titled Tuesday Blitz February 21 Early 2023"]
[White "Levine, David"]
[Black "Delgado Rosas, Fatima Alexandra"]
[WhiteFideId "2011611"]
[BlackFideId "6603963"]
[WhiteElo "2040"]
[BlackElo "1500"]
[Result "0-1"]
[Round "07"]
[TimeControl "180+2"]
[Date "2023.02.21"]
[WhiteClock "0:02:11"]
[BlackClock "0:01:23"]

1. d4 Nf6 2. c4 e6 3. g3 d5 4. Bg2 Be7 5. Nf3 O-O 6. O-O b6 7. cxd5 exd5 8. Nc3 Bb7 9. Ne5 Nbd7 10. Qa4 Re8 11. Nc6 Bxc6 12. Qxc6 Nf8 13. Nxd5 Nxd5 14. Bxd5 Rb8 15. Rd1 Bd6 0-1


[Site "https://www.chess.com"]

[Event "Titled Tuesday Blitz February 21 Early 2023"]
[White "Topalov, Aleksandar"]
[Black "tandercat"]
[WhiteFideId "925659"]
[WhiteElo "2233"]
[BlackElo "1859"]
[Result "1-0"]
[Round "07"]
[TimeControl "180+2"]
[Date "2023.02.21"]
[WhiteClock "0:02:37"]
[BlackClock "0:01:52"]

1. b3 c5 2. Bb2 d6 3. Nf3 e5 4. d3 Nc6 5. g3 g6 6. Bg2 Bg7 7. e4 Nge7 8. O-O O-O 9. Nbd2 b5 10. a4 Ba6 11. axb5 Bxb5 12. c4 Nb4 13. cxb5 Nxd3 14. Bc3 Nb4 15. Bxb4 cxb4 16. Nc4 Qb6 17. Qxd6 Qxd6 18. Nxd6 Rfd8 19. Rfd1 1-0


[Site "https://www.chess.com"]

[Event "Titled Tuesday Blitz February 21 Early 2023"]
[White "Fries-Nielsen, Jens Ove"]
[Black "Von Buelow, Georg"]
[WhiteFideId "1400142"]
[BlackFideId "4620658"]
[WhiteElo "2377"]
[BlackElo "2345"]
[Result "1-0"]
[Round "07"]
[TimeControl "180+2"]
[Date "2023.02.21"]
[WhiteClock "0:00:03"]
[BlackClock "0:00:01"]

1. e4 c5 2. Nf3 d6 3. Bb5+ Bd7 4. c4 g6 5. Nc3 Bg7 6. d4 cxd4 7. Nxd4 Nf6 8. Be3 O-O 9. h3 Nc6 10. O-O Rc8 11. b3 a6 12. Bxc6 bxc6 13. Qd2 c5 14. Nde2 Bc6 15. Ng3 Re8 16. Bh6 Bh8 17. Rac1 Qd7 18. Qg5 Qb7 19. Rfe1 e6 20. f4 Rcd8 21. Qh4 Rc8 22. e5 dxe5 23. fxe5 Nd7 24. Nge4 Bxe5 25. Re2 Bd4+ 26. Kh1 f5 27. Nd6 Qc7 28. Nxc8 Qxc8 29. Bg5 Bg7 30. Rd2 Qb7 31. Qf2 Rc8 32. Be3 Bf8 33. Rcd1 Nf6 34. Bg5 Bg7 35. Re1 Ne4 36. Nxe4 Bxe4 37. Red1 Bd4 38. Qg3 e5 39. Bf6 Re8 40. Qg5 Qf7 41. Qh4 Re6 42. Bg5 Re8 43. b4 Qxc4 44. bxc5 Qxc5 45. Bf6 Re6 46. Bd8 Qd6 47. Ba5 Qc5 48. a3 Qxa5 49. Qg5 Qd5 50. Rb2 1-0


[Site "https://www.chess.com"]

[Event "Titled Tuesday Blitz February 21 Early 2023"]
[White "Eynullayev, Atilla"]
[Black "Buscar, Michael"]
[WhiteFideId "13413570"]
[BlackFideId "2603616"]
[WhiteElo "2281"]
[BlackElo "2041"]
[Result "1-0"]
[Round "07"]
[TimeControl "180+2"]
[Date "2023.02.21"]
[WhiteClock "0:00:37"]
[BlackClock "0:01:43"]

1. d4 Nf6 2. c4 e6 3. Nc3 c5 4. d5 exd5 5. cxd5 d6 6. e4 g6 7. f4 Bg7 8. Bb5+ Nbd7 9. e5 Nh5 10. e6 Qe7 11. Qe2 Qh4+ 12. Kf1 O-O 13. exd7 Ng3+ 14. hxg3 Qxh1 15. dxc8=Q Raxc8 16. Be3 a6 17. Bd7 Rcd8 18. Bh3 Rfe8 19. Nd1 Re7 20. Rc1 Rde8 21. Qf2 Bd4 22. Bxd4 Re1+ 23. Qxe1 Rxe1+ 24. Kxe1 cxd4 25. Kf2 f5 26. Rc4 h5 27. Rxd4 h4 28. gxh4 Qh2 29. Ne3 Kf7 30. Rb4 Kf6 31. a4 b5 32. a5 Kf7 33. Rd4 Kf6 34. Ne2 Qh1 35. Rd1 Qh2 36. Nf1 1-0


[Site "https://www.chess.com"]

[Event "Titled Tuesday Blitz February 21 Early 2023"]
[White "SicilianPanzer"]
[Black "Mushini Ajay"]
[BlackFideId "35066188"]
[WhiteElo "2254"]
[BlackElo "2310"]
[Result "1-0"]
[Round "07"]
[TimeControl "180+2"]
[Date "2023.02.21"]
[WhiteClock "0:00:02"]
[BlackClock "0:00:45"]

1. e4 c5 2. Nc3 a6 3. Nf3 b5 4. d4 cxd4 5. Nxd4 Bb7 6. Bd3 d6 7. O-O Nf6 8. Qe2 Nbd7 9. f4 e6 10. e5 dxe5 11. fxe5 Bc5 12. exf6 Bxd4+ 13. Be3 Bxf6 14. Qh5 g6 15. Qh6 Qe7 16. Ne4 Bxe4 17. Bxe4 Rc8 18. Rad1 Ne5 19. Rxf6 Qxf6 20. Bg5 Qf2+ 21. Kxf2 Ng4+ 22. Ke2 Nxh6 23. Bxh6 f5 24. Bd3 Ke7 25. c3 Kf6 26. h4 e5 27. Bc2 e4 28. Bb3 Rc6 29. Rd7 Ke5 30. Bg7+ Kf4 31. Bxh8 Kg3 32. Rxh7 Kxg2 33. h5 f4 34. hxg6 f3+ 35. Ke3 f2 36. Rf7 Rxg6 37. Rxf2+ Kg1 38. Bd4 Rg4 39. Bc2 Kh1 40. Bxe4+ Kg1 41. Bf3 Rg3 42. Kf4 b4 43. Rd2+ Kf1 44. Rd1# 1-0


[Site "https://www.chess.com"]

[Event "Titled Tuesday Blitz February 21 Early 2023"]
[White "Ciuffoletti, Paolo"]
[Black "Gamage, Wanshini Vidusama"]
[WhiteFideId "807630"]
[BlackFideId "9953752"]
[WhiteElo "2106"]
[BlackElo "1089"]
[Result "0-1"]
[Round "07"]
[TimeControl "180+2"]
[Date "2023.02.21"]
[WhiteClock "0:00:03"]
[BlackClock "0:00:12"]

1. e4 c5 2. d4 cxd4 3. c3 Nf6 4. e5 Nd5 5. Qxd4 e6 6. Bc4 Nc6 7. Qe4 f5 8. Qe2 Nb6 9. Bb3 Be7 10. Nf3 O-O 11. O-O Na5 12. Bc2 d5 13. b4 Nac4 14. a4 Qc7 15. a5 Nd7 16. h4 Ndxe5 17. Nd4 Bxh4 18. Bf4 Bf6 19. Re1 g5 20. Bh2 Qg7 21. Nd2 Nxd2 22. Qxd2 Nc4 23. Qd3 Bxd4 24. cxd4 Bd7 25. Be5 Nxe5 26. Rxe5 Rac8 27. Rae1 Rc4 28. Bb3 Rc6 29. Bxd5 exd5 30. Re7 Rf7 31. R7e5 Qf6 32. b5 Re6 33. Qg3 Rxe5 34. Rxe5 h6 35. Rxd5 Be6 36. Rd6 Qe7 37. Qe5 Rf6 38. a6 bxa6 39. bxa6 Qf7 40. Qc5 Kg7 41. Rd8 Kg6 42. Rb8 Qg7 43. Rb7 Rf7 44. Qe5 Qxe5 45. dxe5 f4 46. Rb8 Kf5 47. Rh8 Kxe5 48. Rxh6 Rf6 49. Rh7 Bc4 50. Rxa7 Rxa6 51. Rxa6 Bxa6 52. Kh2 g4 53. f3 gxf3 54. gxf3 Kd4 55. Kh3 Ke3 56. Kg4 Be2 0-1


[Site "https://www.chess.com"]

[Event "Titled Tuesday Blitz February 21 Early 2023"]
[White "Sabar, Ethmane Daouda"]
[Black "Jimenez Jimenez, Leandro"]
[WhiteFideId "19600097"]
[BlackFideId "6415253"]
[WhiteElo "2040"]
[BlackElo "2146"]
[Result "0-1"]
[Round "07"]
[TimeControl "180+2"]
[Date "2023.02.21"]
[WhiteClock "0:00:25"]
[BlackClock "0:01:28"]

1. b3 d5 2. Bb2 c5 3. e3 a6 4. f4 Nc6 5. Nf3 Nf6 6. Be2 e6 7. O-O Be7 8. d3 O-O 9. h3 Ne8 10. Nbd2 Nd6 11. Ne5 Nf5 12. Rf3 Nxe5 13. fxe5 d4 14. exd4 cxd4 15. Ne4 b6 16. Rf4 Bb7 17. Bf3 Qc7 18. Rg4 Ne3 19. Qe2 Nxg4 20. Bxg4 Qxe5 21. Bf3 Bd5 22. Qf2 Bxe4 23. Bxe4 Rad8 24. Re1 Qa5 25. Rf1 Qxa2 26. Bxd4 Rxd4 0-1


[Site "https://www.chess.com"]

[Event "Titled Tuesday Blitz February 21 Early 2023"]
[White "Levitan, Caleb Levi"]
[Black "Simonovic, Miroslav"]
[WhiteFideId "14332620"]
[BlackFideId "919152"]
[WhiteElo "2129"]
[BlackElo "2082"]
[Result "0-1"]
[Round "07"]
[TimeControl "180+2"]
[Date "2023.02.21"]
[WhiteClock "0:00:04"]
[BlackClock "0:00:59"]

1. d4 Nf6 2. Bf4 c5 3. d5 d6 4. Nc3 e5 5. Bg5 Be7 6. Bxf6 Bxf6 7. e4 O-O 8. Bc4 g6 9. Nge2 a6 10. a4 Bg4 11. h3 Bxe2 12. Nxe2 Bg7 13. O-O f5 14. exf5 gxf5 15. f4 e4 16. c3 Nd7 17. Ng3 Qh4 18. Qe1 Rae8 19. Qe3 Bh6 20. Rae1 Re7 21. Qf2 Rg7 22. Re3 Kh8 23. Nxe4 Qxf2+ 24. Nxf2 Nf6 25. Nd3 Ne4 26. g4 Re8 27. g5 Bxg5 28. fxg5 Rxg5+ 29. Kh2 Reg8 30. Re2 Ng3 31. Rff2 Nxe2 32. Rxe2 Rg1 33. Nf4 Ra1 34. Nh5 Rgg1 35. Re8+ Rg8 36. Rxg8+ Kxg8 37. Nf6+ Kf7 38. Nd7 Rxa4 39. b3 Ra2+ 40. Kg3 b5 41. Bd3 Ra3 42. Bxf5 Rxb3 43. Nb6 Rxc3+ 44. Kf4 b4 45. Be6+ Kf6 46. Nd7+ Ke7 47. Nb6 b3 48. Nc8+ Kd8 49. Nxd6 b2 50. Bf5 Rc1 51. Ke3 b1=Q 52. Bxb1 Rxb1 53. Ne4 Re1+ 54. Kd3 Rxe4 55. Kxe4 Kd7 56. Kd3 Kd6 57. Kc4 a5 58. h4 h5 59. Kb5 Kxd5 60. Kxa5 Kd4 61. Ka4 c4 62. Ka3 Kd3 63. Kb2 Kd2 64. Kb1 c3 65. Ka2 c2 66. Kb2 c1=Q+ 67. Ka2 Qc4+ 68. Kb2 Qxh4 69. Ka1 Qb4 70. Ka2 Kc2 71. Ka1 Qb2# 0-1


[Site "https://www.chess.com"]

[Event "Titled Tuesday Blitz February 21 Early 2023"]
[White "Michalski, Olaf"]
[Black "Jiganchine, Roman"]
[WhiteFideId "1106740"]
[BlackFideId "2603667"]
[WhiteElo "2273"]
[BlackElo "2205"]
[Result "1-0"]
[Round "07"]
[TimeControl "180+2"]
[Date "2023.02.21"]
[WhiteClock "0:01:14"]
[BlackClock "0:02:17"]

1. d4 d5 2. c4 e6 3. Nc3 Nf6 4. Bg5 c5 5. cxd5 cxd4 6. Qxd4 Be7 7. Nf3 exd5 8. e3 O-O 9. Ne5 Be6 10. Bb5 h6 11. Bh4 1-0


[Site "https://www.chess.com"]